MID
CEDAR RAPIDS KERNELS @ CHARLESTON RIVERDOGS
07/16/2046
 
TOP OF THE 1ST
Cedar Rapids Kernels batting - Pitching for Charleston RiverDogs : RHP Mike Pickens
Pitching: RHP Mike Pickens
Batting: RHB Mike Craver 0-0: Foul Ball, location: 2F
0-1: Ball
1-1: Swinging Strike
1-2: Ball
2-2: Ball
3-2: Base on Balls
Batting: RHB Sean Gould 0-0: Ball
1-0: Ball
2-0: Called Strike
2-1: Ball
3-1: Swinging Strike
3-2: Strikes out swinging
Batting: SHB Dan Morataya 0-0: Ball
Mike Craver is caught stealing 2nd base 2-6
1-0: Ball
2-0: Swinging Strike
2-1: Fly out, F4 (Popup, 4, EV 69.4 MPH)
Top of the 1st over - 0 runs, 0 hits, 0 errors, 0 left on base; Cedar Rapids 0 - Charleston 0
BOTTOM OF THE 1ST
Charleston RiverDogs batting - Pitching for Cedar Rapids Kernels : RHP Bill Rondeau
Pitching: RHP Bill Rondeau
Batting: LHB Marc Durgin 0-0: Called Strike
0-1: Ground out U3 (Groundball, 3, EV 88.8 MPH)
Batting: LHB Sean Trueblood 0-0: Ground out 1-3 (Groundball, 15S, EV 69.4 MPH)
Batting: RHB Iften Olujimi 0-0: Swinging Strike
0-1: Called Strike
0-2: Foul Ball, location: 2F
0-2: Foul Ball, location: 2F
0-2: Ball
1-2: Strikes out swinging
Bottom of the 1st over - 0 runs, 0 hits, 0 errors, 0 left on base; Cedar Rapids 0 - Charleston 0
TOP OF THE 2ND
Cedar Rapids Kernels batting - Pitching for Charleston RiverDogs : RHP Mike Pickens
Batting: RHB Graham Calvert 0-0: Called Strike
0-1: Called Strike
0-2: Ball
1-2: Foul Ball, location: 2F
1-2: Ball
2-2: Foul Ball, location: 2F
2-2: Ball
3-2: Ground out 4-3 (Groundball, 4, EV 103.1 MPH)
Batting: SHB Matt Urbani 0-0: Ball
1-0: Foul Ball, location: 2F
1-1: Ball
2-1: Foul Ball, location: 2F
2-2: Foul Ball, location: 2F
2-2: Ground out 5-3 (Groundball, 5S, EV 71.9 MPH)
Batting: LHB David Campbell 0-0: Called Strike
0-1: Swinging Strike
0-2: Ball
1-2: Ball
2-2: Ball
3-2: Base on Balls
Batting: LHB Israel Montoya 0-0: Ball
1-0: Ball
2-0: Ball
3-0: Called Strike
3-1: Foul Ball, location: 2F
3-2: Ground out 4-3 (Groundball, 4, EV 100.6 MPH)
Top of the 2nd over - 0 runs, 0 hits, 0 errors, 1 left on base; Cedar Rapids 0 - Charleston 0
BOTTOM OF THE 2ND
Charleston RiverDogs batting - Pitching for Cedar Rapids Kernels : RHP Bill Rondeau
Batting: LHB Justin O'Neal 0-0: SINGLE (Line Drive, 78S, EV 99.4 MPH)
Batting: RHB Bill Nguyen-Tan 0-0: Ball
1-0: Called Strike
1-1: Called Strike
1-2: Foul Ball, location: 2F
1-2: Ball
2-2: Foul Ball, location: 2F
2-2: Grounds into double play, 5-4-3 (Groundball, 5, EV 98.8 MPH)
Batting: LHB Dale Anderson 0-0: DOUBLE (Line Drive, 9LM, EV 100.0 MPH) - OUT at third base trying to stretch hit.
Bottom of the 2nd over - 0 runs, 2 hits, 0 errors, 0 left on base; Cedar Rapids 0 - Charleston 0
TOP OF THE 3RD
Cedar Rapids Kernels batting - Pitching for Charleston RiverDogs : RHP Mike Pickens
Batting: LHB Chris Munguia 0-0: Ball
1-0: Ground out U3 (Groundball, 34, EV 110.6 MPH)
Batting: LHB Mike Handrahan 0-0: SINGLE (Groundball, 4D, EV 105.6 MPH)
Batting: RHB Mike Craver 0-0: Ball
1-0: Foul Ball, location: 2F
1-1: Called Strike
1-2: Strikes out looking
Batting: RHB Sean Gould 0-0: Called Strike
0-1: Reaches on Catchers interference
Mike Handrahan to second
Batting: SHB Dan Morataya 0-0: Ground out 1-3 (Groundball, 13, EV 69.4 MPH)
Top of the 3rd over - 0 runs, 1 hit, 1 error, 2 left on base; Cedar Rapids 0 - Charleston 0
BOTTOM OF THE 3RD
Charleston RiverDogs batting - Pitching for Cedar Rapids Kernels : RHP Bill Rondeau
Batting: SHB Houston Phillips 0-0: Ball
1-0: Called Strike
1-1: SINGLE (Groundball, 6MD, EV 110.6 MPH)
Batting: RHB John Sprenkel 0-0: Called Strike
0-1: Called Strike
0-2: Foul Ball, location: 2F
0-2: Foul Ball, location: 2F
0-2: Ball
1-2: Ball
2-2: Strikes out swinging
Batting: RHB Matt Alderson 0-0: Ball
1-0: Foul Ball, location: 2F
1-1: Called Strike
1-2: Strikes out looking
Batting: LHB Marc Durgin 0-0: Called Strike
0-1: Swinging Strike
0-2: Foul Ball, location: 2F
0-2: Foul Ball, location: 2F
0-2: Strikes out swinging
Bottom of the 3rd over - 0 runs, 1 hit, 0 errors, 1 left on base; Cedar Rapids 0 - Charleston 0
TOP OF THE 4TH
Cedar Rapids Kernels batting - Pitching for Charleston RiverDogs : RHP Mike Pickens
Batting: RHB Graham Calvert 0-0: Foul Ball, location: 2F
0-1: Swinging Strike
0-2: Ball
1-2: Strikes out swinging
Batting: SHB Matt Urbani 0-0: Called Strike
0-1: Called Strike
0-2: Strikes out swinging
Batting: LHB David Campbell 0-0: Called Strike
0-1: Foul Ball, location: 2F
0-2: Ball
1-2: Foul Ball, location: 2F
1-2: Reached on error, E4 (Groundball, 4, EV 77.5 MPH)
Batting: LHB Israel Montoya 0-0: Foul Ball, location: 2F
0-1: Ball
1-1: Foul Ball, location: 2F
1-2: Fly out, F7 (Flyball, 7, EV 73.8 MPH)
Top of the 4th over - 0 runs, 0 hits, 1 error, 1 left on base; Cedar Rapids 0 - Charleston 0
BOTTOM OF THE 4TH
Charleston RiverDogs batting - Pitching for Cedar Rapids Kernels : RHP Bill Rondeau
Batting: LHB Sean Trueblood 0-0: Ball
1-0: Ball
2-0: SOLO HOME RUN (Flyball, 9D, EV 93.1 MPH), Distance : 372 ft
Batting: RHB Iften Olujimi 0-0: Called Strike
0-1: TRIPLE (Line Drive, 7LD, EV 106.9 MPH)
Batting: LHB Justin O'Neal 0-0: Called Strike
0-1: Ball
Wild Pitch!
Iften Olujimi scores
1-1: SINGLE (Line Drive, 89M, EV 98.8 MPH)
Batting: RHB Bill Nguyen-Tan 0-0: Ball
1-0: Ball
2-0: Foul Ball, location: 2F
2-1: Ball
3-1: Base on Balls
Justin O'Neal to second
Batting: LHB Dale Anderson 0-0: Ball
1-0: DOUBLE (Line Drive, 89D, EV 110.0 MPH)
Justin O'Neal scores
Bill Nguyen-Tan to third
Batting: SHB Houston Phillips 0-0: Ball
1-0: Foul Ball, location: 2F
1-1: Ball
2-1: Ball
3-1: SINGLE (Groundball, 4MD, EV 95.6 MPH)
Bill Nguyen-Tan scores
Dale Anderson to third
Batting: RHB John Sprenkel 0-0: Foul Ball, location: 2F
0-1: Ball
1-1: Grounds into double play, 5-4-3 (Groundball, 5, EV 90.0 MPH)
Dale Anderson scores
Batting: RHB Matt Alderson 0-0: Called Strike
0-1: Ground out 5-3 (Groundball, 56S, EV 89.4 MPH)
Bottom of the 4th over - 5 runs, 5 hits, 0 errors, 0 left on base; Cedar Rapids 0 - Charleston 5
TOP OF THE 5TH
Cedar Rapids Kernels batting - Pitching for Charleston RiverDogs : RHP Mike Pickens
Batting: LHB Chris Munguia 0-0: SINGLE (Groundball, 56D, EV 111.2 MPH)
Batting: LHB Mike Handrahan 0-0: Ball
1-0: Called Strike
1-1: Called Strike
Chris Munguia is caught stealing 2nd base 2-6
1-2: Foul Ball, location: 2F
1-2: Foul Ball, location: 2F
1-2: Foul Ball, location: 2F
1-2: Ball
2-2: Foul Ball, location: 2F
2-2: Ball
3-2: Base on Balls
Batting: RHB Mike Craver 0-0: Called Strike
0-1: Foul Ball, location: 2F
0-2: Strikes out swinging
Batting: RHB Sean Gould 0-0: Foul Ball, location: 2F
0-1: Foul Ball, location: 2F
0-2: Strikes out swinging
Top of the 5th over - 0 runs, 1 hit, 0 errors, 1 left on base; Cedar Rapids 0 - Charleston 5
BOTTOM OF THE 5TH
Charleston RiverDogs batting - Pitching for Cedar Rapids Kernels : RHP Bill Rondeau
Pitching: LHP Josh Armstrong
Batting: LHB Marc Durgin 0-0: Ground out 4-3 (Groundball, 34, EV 101.2 MPH)
Batting: LHB Sean Trueblood 0-0: Called Strike
0-1: Ball
1-1: Foul Ball, location: 2F
1-2: Ball
2-2: Ball
3-2: Base on Balls
Batting: RHB Iften Olujimi 0-0: Ball
1-0: SINGLE (Groundball, 6MD, EV 107.5 MPH)
Sean Trueblood to second
Batting: LHB Justin O'Neal 0-0: Called Strike
0-1: Fielders Choice at 2nd, 6-4 (Groundball, 6M, EV 93.1 MPH)
Sean Trueblood to third
Batting: RHB Bill Nguyen-Tan 0-0: Foul Ball, location: 2F
0-1: Foul Ball, location: 2F
0-2: Foul Ball, location: 2F
0-2: Strikes out swinging
Bottom of the 5th over - 0 runs, 1 hit, 0 errors, 2 left on base; Cedar Rapids 0 - Charleston 5
TOP OF THE 6TH
Cedar Rapids Kernels batting - Pitching for Charleston RiverDogs : RHP Mike Pickens
Batting: SHB Dan Morataya 0-0: Called Strike
0-1: Foul Ball, location: 2F
0-2: Ball
1-2: Ball
2-2: Foul Ball, location: 2F
2-2: DOUBLE (Line Drive, 5D, EV 102.5 MPH)
Batting: RHB Graham Calvert 0-0: Called Strike
0-1: Ball
1-1: Reached on error, E5 (Groundball, 56S, EV 63.8 MPH)
Dan Morataya to third
Batting: SHB Matt Urbani 0-0: Foul Ball, location: 2F
0-1: Foul Ball, location: 2F
0-2: Ball
1-2: Ball
2-2: Ball
3-2: SINGLE (Groundball, 34, EV 98.8 MPH)
Dan Morataya scores
Graham Calvert to second
Pitching: RHP Greg Ritchie
Batting: LHB David Campbell 0-0: Fielders Choice at 2nd, 5-4 (Groundball, 56, EV 78.8 MPH)
Graham Calvert to third
Batting: LHB Israel Montoya 0-0: SINGLE (Groundball, 4, EV 103.8 MPH)
Graham Calvert scores
David Campbell to second
Runner from 2nd tries for 3rd, OUT! 8-5
Israel Montoya to second
Batting: LHB Chris Munguia 0-0: Foul Ball, location: 2F
0-1: Ball
1-1: Ball
2-1: Called Strike
2-2: SINGLE (Groundball, 4, EV 98.8 MPH)
Israel Montoya to third
Runner from 3rd tries for Home, SAFE, throw by CF to home
Batting: LHB Mike Handrahan 0-0: Called Strike
Chris Munguia is caught stealing 2nd base 2-6
Top of the 6th over - 3 runs, 4 hits, 1 error, 0 left on base; Cedar Rapids 3 - Charleston 5
BOTTOM OF THE 6TH
Charleston RiverDogs batting - Pitching for Cedar Rapids Kernels : LHP Josh Armstrong
Batting: LHB Dale Anderson 0-0: Swinging Strike
0-1: Foul Ball, location: 2F
0-2: Foul Ball, location: 2F
0-2: Ball
1-2: Ball
2-2: Strikes out swinging
Batting: SHB Houston Phillips 0-0: Called Strike
0-1: Ball
1-1: Foul Ball, location: 2F
1-2: DOUBLE (Line Drive, 78D, EV 104.4 MPH)
Batting: RHB John Sprenkel 0-0: SINGLE (Groundball, 6, EV 95.0 MPH)
Houston Phillips to third
Runner from 3rd tries for Home, SAFE, throw by CF to home
John Sprenkel to second
Batting: RHB Matt Alderson 0-0: Ball
John Sprenkel steals 3rd base
1-0: Ground out 3-1 (Groundball, 34S, EV 91.2 MPH)
John Sprenkel scores
Batting: LHB Marc Durgin 0-0: Called Strike
0-1: Ball
1-1: Ball
2-1: Ball
3-1: Swinging Strike
3-2: Ground out 6-3 (Groundball, 6, EV 100.6 MPH)
Bottom of the 6th over - 2 runs, 2 hits, 0 errors, 0 left on base; Cedar Rapids 3 - Charleston 7
TOP OF THE 7TH
Cedar Rapids Kernels batting - Pitching for Charleston RiverDogs : RHP Greg Ritchie
Batting: LHB Mike Handrahan 0-0: Foul Ball, location: 2F
0-1: Ball
1-1: SOLO HOME RUN (Flyball, 9D, EV 93.1 MPH) (Inside the Park)
Batting: RHB Mike Craver 0-0: Called Strike
0-1: Ball
1-1: Foul Ball, location: 2F
1-2: Ball
2-2: Foul Ball, location: 2F
2-2: Ground out 4-3 (Groundball, 4, EV 102.5 MPH)
Batting: RHB Sean Gould 0-0: Ball
1-0: Ball
2-0: Called Strike
2-1: Ground out 4-3 (Groundball, 4, EV 88.1 MPH)
Batting: SHB Dan Morataya 0-0: Called Strike
0-1: SINGLE (Groundball, 34D, EV 100.0 MPH)
Batting: RHB Graham Calvert 0-0: Fly out, F7 (Flyball, 78XD, EV 86.9 MPH)
Top of the 7th over - 1 run, 2 hits, 0 errors, 1 left on base; Cedar Rapids 4 - Charleston 7
BOTTOM OF THE 7TH
Charleston RiverDogs batting - Pitching for Cedar Rapids Kernels : LHP Josh Armstrong
Pitching: RHP Bruce Wight
Batting: LHB Sean Trueblood 0-0: Called Strike
0-1: Called Strike
0-2: SINGLE (Groundball, 56D, EV 98.1 MPH)
Batting: RHB Iften Olujimi 0-0: Ball
1-0: Called Strike
1-1: SINGLE (Groundball, 56D, EV 100.6 MPH)
Sean Trueblood to second
Batting: LHB Justin O'Neal 0-0: Fielders Choice at 2nd, 3-6 (Groundball, 3, EV 88.8 MPH)
Sean Trueblood to third
Batting: RHB Bill Nguyen-Tan 0-0: Called Strike
0-1: Ball
1-1: Ball
2-1: Fly out, F9 (Flyball, 9S, EV 88.8 MPH)
Batting: LHB Dale Anderson 0-0: Called Strike
0-1: Ball
1-1: Ball
2-1: Ball
3-1: Called Strike
3-2: Strikes out looking
Bottom of the 7th over - 0 runs, 2 hits, 0 errors, 2 left on base; Cedar Rapids 4 - Charleston 7
TOP OF THE 8TH
Cedar Rapids Kernels batting - Pitching for Charleston RiverDogs : RHP Greg Ritchie
Pitching: RHP Khayyat bin Faruq
Now at 1B: Sean Trueblood
Now at 3B: Louwe Starmans
Batting: SHB Matt Urbani 0-0: Ball
1-0: Ball
2-0: Ball
3-0: Base on Balls
Batting: LHB David Campbell 0-0: Ball
1-0: Ball
2-0: Ball
3-0: Called Strike
3-1: Base on Balls
Matt Urbani to second
Batting: LHB Israel Montoya 0-0: Ball
1-0: Ball
2-0: Called Strike
2-1: Ball
3-1: Called Strike
3-2: Base on Balls
Matt Urbani to third
David Campbell to second
Batting: LHB Chris Munguia 0-0: Ball
1-0: DOUBLE (Line Drive, 3D, EV 104.4 MPH)
Matt Urbani scores
David Campbell scores
Israel Montoya to third
Runner from 3rd tries for Home, SAFE, throw by RF to trailing runner, OUT at third! 9-3-5
Pitching: RHP Joe Shaw
Batting: LHB Mike Handrahan 0-0: DOUBLE (Line Drive, 78D, EV 109.4 MPH)
Batting: RHB Mike Craver 0-0: Ball
1-0: Ball
2-0: Called Strike
2-1: DOUBLE (Line Drive, 89M, EV 110.6 MPH)
Mike Handrahan scores
Batting: RHB Sean Gould 0-0: Ball
1-0: Foul Ball, location: 2F
1-1: Swinging Strike
1-2: DOUBLE (Line Drive, 89D, EV 108.1 MPH)
Mike Craver scores
Batting: SHB Dan Morataya 0-0: Intentional Walk
Batting: RHB Graham Calvert 0-0: Called Strike
0-1: Ball
1-1: Ball
2-1: Called Strike
2-2: Foul Ball, location: 2F
2-2: Fly out, F9 (Flyball, 9D, EV 95.6 MPH)
Runner from 2nd tags up, SAFE at 3rd, no throw by RF
Batting: SHB Matt Urbani 0-0: Called Strike
0-1: Ball
1-1: Called Strike
1-2: Strikes out looking
Top of the 8th over - 5 runs, 4 hits, 0 errors, 2 left on base; Cedar Rapids 9 - Charleston 7
BOTTOM OF THE 8TH
Charleston RiverDogs batting - Pitching for Cedar Rapids Kernels : RHP Bruce Wight
Batting: SHB Houston Phillips 0-0: Called Strike
0-1: Foul Ball, location: 2F
0-2: Strikes out swinging
Pinch Hitting: RHB Bryan Westray 0-0: Called Strike
0-1: Swinging Strike
0-2: Ball
1-2: Fly out, F8 (Flyball, 8RD, EV 91.2 MPH)
Batting: RHB Matt Alderson 0-0: Ground out 4-3 (Groundball, 4, EV 100.6 MPH)
Bottom of the 8th over - 0 runs, 0 hits, 0 errors, 0 left on base; Cedar Rapids 9 - Charleston 7
TOP OF THE 9TH
Cedar Rapids Kernels batting - Pitching for Charleston RiverDogs : RHP Joe Shaw
Pitching: RHP Mark Stafford
Now in LF: Bryan Westray
Batting: LHB David Campbell 0-0: Foul Ball, location: 2F
0-1: SINGLE (Groundball, 4MD, EV 98.8 MPH)
Batting: LHB Israel Montoya 0-0: Ball
1-0: Foul Ball, location: 2F
1-1: Fly out, F7 (Flyball, 7S, EV 72.5 MPH)
Batting: LHB Chris Munguia 0-0: Ball
1-0: Called Strike
1-1: Ball
2-1: Foul Ball, location: 2F
2-2: Ball
3-2: Fielders Choice at 2nd, 4-6 (Groundball, 34, EV 86.9 MPH)
Batting: LHB Mike Handrahan Pickoff Play to 1st, Runner tries for 2nd, OUT after rundown.
Top of the 9th over - 0 runs, 1 hit, 0 errors, 0 left on base; Cedar Rapids 9 - Charleston 7
BOTTOM OF THE 9TH
Charleston RiverDogs batting - Pitching for Cedar Rapids Kernels : RHP Bruce Wight
Pitching: LHP John Pedlar
Batting: LHB Marc Durgin 0-0: Ball
1-0: Ball
2-0: Fly out, F9 (Line Drive, 89M, EV 86.9 MPH)
Batting: LHB Sean Trueblood 0-0: Ball
1-0: Called Strike
1-1: Ball
2-1: Ball
3-1: SINGLE (Groundball, 34D, EV 103.1 MPH)
Batting: RHB Louwe Starmans 0-0: Ball
1-0: SINGLE (Groundball, 56D, EV 101.9 MPH)
Sean Trueblood to second
Pinch Hitting: RHB Bryan Massey 0-0: Ball
1-0: Foul Ball, location: 2F
1-1: Ball
2-1: Ball
3-1: Called Strike
3-2: Strikes out swinging
Batting: RHB Bill Nguyen-Tan 0-0: Swinging Strike
0-1: Ball
1-1: Called Strike
1-2: Fielders Choice at 2nd, 6-4 (Groundball, 6D, EV 95.0 MPH)
Bottom of the 9th over - 0 runs, 2 hits, 0 errors, 2 left on base; Cedar Rapids 9 - Charleston 7
Tuesday, September 13th , 2022 - OOTP Baseball 23.7 Build 88